 Dungeon Crawl Stone Soup version 0.31-a0-198-g2ad674f65e (webtiles) character file.

Game seed: 11615511390403597862

5462 qw the Markself (level 10, 0/59 HPs)
             Began as a Deep Elf Hunter on June 25, 2023.
             Was an Elder of Okawaru.
             Slain by a cane toad (10 damage)
             ... on level 1 of the Lair of Beasts.
             The game lasted 00:03:05 (9034 turns).

qw the Markself (Deep Elf Hunter)                   Turns: 9034, Time: 00:03:06

Health: 0/59       AC:  7    Str: 12    XL:     10   Next: 41%
Magic:  14/15      EV: 17    Int: 15    God:    Okawaru [****..]
Gold:   276        SH:  0    Dex: 18    Spells: 9/9 levels left

rFire   + . .        Y - +1 orcbow
rCold   + + .        (shield currently unavailable)
rNeg    . . .        p - +0 ring mail {rC+}
rPois   +            (no helmet)
rElec   .            g - scarf {rC+ rF+}
rCorr   .            (no gloves)
SInv    .            k - +0 pair of boots
Will    +....        q - amulet of faith
Stlth   +++          a - +4 ring of slaying {mikee}
HPRegen 0.29/turn    b - ring of poison resistance
MPRegen 0.14/turn

%: faith
@: heroic
A: MP-powered wands
a: Renounce Religion, Heroism, Finesse


You were on level 1 of the Lair of Beasts.
You worshipped Okawaru.
Okawaru was greatly pleased with you.
You visited 2 branches of the dungeon, and saw 10 of its levels.

You collected 550 gold pieces.
You spent 274 gold pieces at shops.


Innate Abilities, Weirdness & Mutations

You expend magic power (3 MP) to strengthen your wands.


   Skills:
 - Level 5.0(10.0) Fighting
 - Level 16.0(21.0) Ranged Weapons
 - Level 2.1(7.1) Armour
 + Level 7.6(12.6) Dodging
 - Level 1.2(6.2) Stealth
 + Level 4.8 Invocations


You had 9 spell levels left.
You didn't know any spells.
Your spell library was empty.

Inventory:

Hand Weapons
 Y - a +1 orcbow (weapon)
Armour
 g - a scarf of resistance (worn)
 j - a +1 cloak
 k - a +0 pair of boots (worn)
 p - a +0 ring mail of cold resistance (worn)
Jewellery
 a - a +4 ring of slaying (left hand) {mikee}
 b - a ring of poison resistance (right hand)
 c - a ring of fire
 m - a ring of fire
 n - the amulet of Peejun {Reflect Rampage rPois rN+ SH+5}
   (You took it off an orc on level 6 of the Dungeon)

   [amulet of reflection]

   It reflects blocked missile attacks.
   rPois:     It protects you from poison.
   rN:        It protects you from negative energy.
   SH:        It affects your SH (+5).
   Rampage:   It bestows one free step when moving towards enemies.
 q - an amulet of faith (around neck)
Wands
 f - a wand of digging (10)
Scrolls
 i - 2 scrolls of identify
Potions
 e - 2 potions of enlightenment
 l - a potion of magic

Dungeon Overview and Level Annotations

Branches:
Dungeon (9/15)             Temple (0/1) D:5            Lair (1/5) D:9
    Orc: D:9-12

Altars:
Elyvilon
Gozag
Nemelex Xobeh
Okawaru
Uskayaw
Xom
Zin
The Shining One

Shops:
D:5 [**

Portals:
Abyss: D:3

Annotations:
D:3 2 transporters, qw's ghost, amateur DEHu


Message History

The water moccasin completely misses you.
You shoot an arrow.
The arrow closely misses the water moccasin.
The arrow completely misses the cane toad.
You feel sick.
The bullfrog hits you but does no damage.
The water moccasin barely misses you. The bullfrog completely misses you.
You shoot an arrow. The arrow hits the water moccasin.
You kill the water moccasin!
Okawaru accepts your kill.
You can now speed up your combat.
You feel sick. The bullfrog misses you.
Your base Fighting skill increases to level 5!
You shoot an arrow. The arrow hits the bullfrog!
The bullfrog is heavily wounded.
You feel sick. The bullfrog misses you.
You shoot an arrow. The arrow closely misses the bullfrog.
The bullfrog hits you.
You shoot an arrow. The arrow hits the bullfrog!
The bullfrog is almost dead.
You feel sick.
The bullfrog hits you but does no damage.
The cane toad barely misses you. The bullfrog misses you.
You shoot an arrow. The arrow hits the bullfrog!
You kill the bullfrog!
Okawaru accepts your kill.
You feel sick. The cane toad barely misses you.
You shoot an arrow. The arrow barely misses the cane toad.
You feel sick. The cane toad stings you.
You shoot an arrow. The arrow hits the cane toad.
The cane toad is lightly wounded.
You feel sick.
You are no longer poisoned.
The cane toad stings you!
You shoot an arrow. The arrow hits the cane toad!
The cane toad is moderately wounded.
The cane toad misses you. The cane toad stings you!
You shoot an arrow. The arrow hits the cane toad!!
The cane toad is severely wounded.
The cane toad stings you!
You die...

###.....# ........#
#.......#
.#.....#.#######.....###
..............#......#
...................#.#
..................#.##
.................####
......%...........##
......F@..../......##
...##...............####
##.......##........#
##......###......##
#.......# ##...>..#
#.......... ##......
#.....#...... ##.....
.....###..... ##....
...# ##.... ##...


You could see a cane toad.

Vanquished Creatures
  2 vault sentinels (D:8)
  A cane toad (Lair:1)
  2 komodo dragons
  3 yaks (D:9)
  A steam dragon (D:7)
  3 water moccasins
  A sky beast (D:7)
  An ice beast (D:7)
  3 orc warriors
  An ogre (D:5)
  2 centaurs
  2 phantoms
  2 kobold brigands
  4 bullfrogs
  2 gnoll sergeants (D:6)
  2 scorpions
  8 wights
  4 howler monkeys
  2 gnoll boudas (D:8)
  5 hounds
  3 orc priests
  7 iguanas
  Terence (D:3)
  11 orc wizards
  15 gnolls
  10 adders
  A shadow imp (D:7)
  A white imp (D:7)
  An ufetubus (D:5)
  A worm (D:2)
  3 dart slugs
  31 orcs
  4 endoplasms
  8 goblins
  9 hobgoblins
  6 jackals
  7 kobolds
  4 quokkas
  5 ball pythons
  4 bats
  A frilled lizard (D:3)
  4 rats
188 creatures vanquished.

Notes
Turn   | Place    | Note
-------+----------+-------------------------------------------
     0 | D:1      | qw the Deep Elf Hunter began the quest for the Orb.
     0 | D:1      | Reached XP level 1. HP: 12/12 MP: 3/3
     0 | D:1      | 0 ||| qw: Version: 0.3-a-22-g0ed2b0b
     0 | D:1      | 0 ||| qw: Game counter: 5319
     0 | D:1      | 0 ||| qw: Melee chars always use a shield: true
     0 | D:1      | 0 ||| qw: God list: Okawaru
     0 | D:1      | 0 ||| qw: Allow faded altars: false
     0 | D:1      | 0 ||| qw: Do Orc after clearing Dungeon:15 true
     0 | D:1      | 0 ||| qw: Do second Lair branch before Depths: true
     0 | D:1      | 0 ||| qw: Lair rune preference: random
     0 | D:1      | 0 ||| qw: Goals: Normal
     0 | D:1      | 0 ||| PLANNING D:1-11
   178 | D:1      | Reached skill level 6 in Ranged Weapons
   178 | D:1      | Reached XP level 2. HP: 16/16 MP: 4/4
   392 | D:1      | 392 ||| UPGRADING to +0 ring mail.
   402 | D:1      | 402 ||| DROPPING +0 leather armour.
   403 | D:1      | 403 ||| READING scroll labelled SANOGANIKUZ.
   407 | D:1      | 407 ||| DROPPING scroll of butterflies.
   503 | D:2      | Found an iron altar of Okawaru.
   504 | D:2      | 504 ||| PLANNING OKAWARU WORSHIP
   504 | D:2      | 504 ||| READING scroll labelled ZIREXU LINESO.
   513 | D:2      | Became a worshipper of Warmaster Okawaru
   514 | D:2      | 514 ||| PLANNING D:1-11
   811 | D:2      | Reached XP level 3. HP: 13/20 MP: 5/5
   997 | D:2      | Found a faded altar of an unknown god.
  1303 | D:2      | 1303 ||| UPGRADING to +4 ring of slaying {mikee}.
  1304 | D:2      | 1304 ||| READING scroll labelled LIRIGEEJUL.
  1305 | D:2      | 1305 ||| DRINKING 2 metallic yellow potions.
  1339 | D:2      | 1339 ||| DROPPING potion of lignification.
  1379 | D:3      | Found a transporter.
  1389 | D:3      | Noticed a small abomination
  1391 | D:3      | Noticed a kobold brigand
  1394 | D:3      | Noticed an ancient zyme
  1440 | D:3      | Noticed Terence
  1446 | D:3      | Killed Terence
  1447 | D:3      | Reached skill level 7 in Ranged Weapons
  1498 | D:3      | Found a one-way gate to the infinite horrors of the Abyss.
  1498 | D:3      | Noticed qw's ghost (amateur DEHu)
  1524 | D:3      | Found a transporter.
  1889 | D:3      | Reached XP level 4. HP: 25/25 MP: 6/6
  1922 | D:3      | 1922 ||| READING scroll labelled WORAMI CIGHOPH.
  1923 | D:3      | 1923 ||| READING scroll labelled XUPROA MOSAIM.
  1924 | D:3      | 1924 ||| READING scroll labelled CYIMMO XOKHLU.
  1925 | D:3      | 1925 ||| READING 2 scrolls of identify.
  1925 | D:3      | 1925 ||| IDENTIFYING lumpy white potion
  1926 | D:3      | 1926 ||| DROPPING potion of brilliance.
  2117 | D:4      | Noticed a phantom
  2123 | D:4      | Killed a phantom
  2124 | D:4      | Reached skill level 8 in Ranged Weapons
  2124 | D:4      | Reached XP level 5. HP: 29/29 MP: 7/7
  2177 | D:4      | Reached * piety under Okawaru
  2178 | D:4      | Reached skill level 9 in Ranged Weapons
  2178 | D:4      | 2178 ||| INVOKING Heroism.
  2182 | D:4      | Reached XP level 6. HP: 23/36 MP: 5/8
  2726 | D:4      | Reached skill level 1 in Invocations
  2907 | D:4      | Found an iron altar of Okawaru.
  2907 | D:4      | Found a white marble altar of Elyvilon.
  2907 | D:4      | Found a glowing silver altar of Zin.
  2907 | D:4      | Found a hide-covered altar of Uskayaw.
  2927 | D:4      | Found a sparkling altar of Nemelex Xobeh.
  2932 | D:4      | Found an opulent altar of Gozag.
  3016 | D:4      | 3016 ||| UPGRADING to +0 cloak.
  3021 | D:4      | 3021 ||| READING 2 scrolls labelled LON JAITA.
  3022 | D:4      | 3022 ||| READING scroll labelled ZULOTO LIGU.
  3023 | D:4      | 3023 ||| DRINKING 2 fizzy white potions.
  3024 | D:4      | 3024 ||| DRINKING 2 fizzy green potions.
  3024 | D:4      | Gained mutation: Your spells are a little harder to cast,
                  | but a little more powerful. [potion of mutation]
  3024 | D:4      | Gained mutation: Your spells are harder to cast, but more
                  | powerful. [potion of mutation]
  3024 | D:4      | Gained mutation: You are frail. (-10% HP) [potion of
                  | mutation]
  3024 | D:4      | Gained mutation: Your spells are much harder to cast, but
                  | much more powerful. [potion of mutation]
  3025 | D:4      | 3025 ||| DRINKING potion of mutation.
  3025 | D:4      | Lost mutation: Your spells are much harder to cast, but
                  | much more powerful. [potion of mutation]
  3025 | D:4      | Lost mutation: Your spells are harder to cast, but more
                  | powerful. [potion of mutation]
  3025 | D:4      | Lost mutation: You are frail. (-10% HP) [potion of
                  | mutation]
  3025 | D:4      | Lost mutation: Your spells are a little harder to cast, but
                  | a little more powerful. [potion of mutation]
  3025 | D:4      | Gained mutation: You expend magic power (3 MP) to
                  | strengthen your wands. [potion of mutation]
  3038 | D:4      | 3038 ||| READING 4 scrolls of identify.
  3038 | D:4      | 3038 ||| IDENTIFYING grey potion
  3039 | D:4      | 3039 ||| READING 3 scrolls of identify.
  3039 | D:4      | 3039 ||| IDENTIFYING viscous sapphire potion
  3040 | D:4      | 3040 ||| READING 2 scrolls of identify.
  3040 | D:4      | 3040 ||| IDENTIFYING yellow potion
  3041 | D:4      | 3041 ||| DROPPING potion of attraction.
  3042 | D:4      | 3042 ||| DROPPING scroll of fear.
  3043 | D:4      | 3043 ||| DROPPING potion of degeneration.
  3066 | D:5      | Entered Level 5 of the Dungeon
  3094 | D:5      | 3094 ||| INVOKING Heroism.
  3218 | D:5      | Reached skill level 10 in Ranged Weapons
  3218 | D:5      | Reached skill level 3 in Invocations
  3218 | D:5      | Reached XP level 7. HP: 35/40 MP: 11/11
  3218 | D:5      | 3218 ||| FLEEEEING.
  3219 | D:5      | 3219 ||| FLEEEEING.
  3264 | D:5      | Found Migen's General Store.
  3267 | D:5      | Found Pufudwei's Armour Shoppe.
  3267 | D:5      | Found Cezimaeg's Antique Armour Shoppe.
  3267 | D:5      | Found Gotyzu's General Store.
  3273 | D:5      | 3273 ||| BUYING potion of enlightenment (60 gold).
  3273 | D:5      | Bought a potion of enlightenment for 60 gold pieces
  3278 | D:5      | 3278 ||| SHOPLISTING +4 ring of protection (468 gold, have
                  | 239).
  3278 | D:5      | 3278 ||| BUYING scroll of enchant armour (97 gold).
  3278 | D:5      | Bought a scroll of enchant armour for 97 gold pieces
  3278 | D:5      | 3278 ||| READING scroll of enchant armour.
  3278 | D:5      | 3278 ||| ENCHANTING +0 cloak.
  3282 | D:5      | 3282 ||| BUYING pair of boots (117 gold).
  3282 | D:5      | Bought a pair of boots for 117 gold pieces
  3466 | D:5      | Reached skill level 3 in Dodging
  3490 | D:5      | Found a staircase to the Ecumenical Temple.
  3502 | D:5      | 3502 ||| INVOKING Heroism.
  3512 | D:5      | Reached skill level 1 in Armour
  3513 | D:5      | Reached ** piety under Okawaru
  3832 | D:5      | 3832 ||| UPGRADING to +0 pair of boots.
  3837 | D:5      | 3837 ||| READING scroll labelled YPI YMAEXT.
  3838 | D:5      | 3838 ||| READING 2 scrolls of identify.
  3838 | D:5      | 3838 ||| IDENTIFYING murky cyan potion
  3860 | D:6      | 3860 ||| STAIRDANCE
  3887 | D:6      | 3887 ||| STAIRDANCE
  3889 | D:5      | 3889 ||| INVOKING Heroism.
  3997 | D:6      | Reached skill level 11 in Ranged Weapons
  3998 | D:6      | 3998 ||| STAIRDANCE
  4001 | D:5      | Reached XP level 8. HP: 41/45 MP: 13/13
  4041 | D:5      | 4041 ||| SWAPPING to +0 orcbow.
  4042 | D:5      | 4042 ||| DROPPING +0 heavy shortbow.
  4069 | D:6      | 4069 ||| INVOKING Heroism.
  4101 | D:6      | 4101 ||| READING scroll of enchant weapon.
  4101 | D:6      | 4101 ||| ENCHANTING +0 orcbow.
  4114 | D:6      | 4114 ||| INVOKING Heroism.
  4131 | D:6      | Reached skill level 12 in Ranged Weapons
  4137 | D:6      | HP: 11/45 [poisoned by an orc wizard]
  4142 | D:6      | HP: 5/45 [poisoned by an orc wizard]
  4316 | D:6      | Reached skill level 3 in Fighting
  4488 | D:6      | Identified the amulet of Peejun {Reflect Rampage rPois rN+
                  | SH+5}
  4687 | D:6      | 4687 ||| UPGRADING to amulet of Peejun {Reflect Rampage
                  | rPois rN+ SH+5}.
  4792 | D:7      | Identified the +9 quarterstaff "Imp's Nightmare" {heavy,
                  | Fly rC+ rCorr Str+3}
  4822 | D:7      | 4822 ||| INVOKING Heroism.
  4852 | D:7      | 4852 ||| Stepping ~*~*~tactically~*~*~ (outnumbered).
  4880 | D:7      | 4880 ||| FLEEEEING.
  4881 | D:7      | 4881 ||| FLEEEEING.
  4886 | D:7      | 4886 ||| FLEEEEING.
  4890 | D:7      | 4890 ||| FLEEEEING.
  4891 | D:7      | 4891 ||| FLEEEEING.
  4892 | D:7      | 4892 ||| FLEEEEING.
  4901 | D:7      | 4901 ||| STAIRDANCE
  4945 | D:7      | Reached skill level 13 in Ranged Weapons
  5009 | D:7      | 5009 ||| FLEEEEING.
  5010 | D:7      | 5010 ||| FLEEEEING.
  5011 | D:7      | 5011 ||| FLEEEEING.
  5012 | D:7      | 5012 ||| FLEEEEING.
  5013 | D:7      | 5013 ||| FLEEEEING.
  5014 | D:7      | 5014 ||| FLEEEEING.
  5015 | D:7      | 5015 ||| FLEEEEING.
  5016 | D:7      | 5016 ||| FLEEEEING.
  5017 | D:7      | 5017 ||| FLEEEEING.
  5018 | D:7      | 5018 ||| FLEEEEING.
  5022 | D:7      | 5022 ||| INVOKING Heroism.
  5147 | D:7      | Reached XP level 9. HP: 49/50 MP: 14/14
  5193 | D:7      | Reached skill level 14 in Ranged Weapons
  5198 | D:7      | 5198 ||| INVOKING Heroism.
  5201 | D:7      | 5201 ||| Stepping ~*~*~tactically~*~*~ (cloud).
  5207 | D:7      | HP: 5/50 [steam dragon] (10)]
  5208 | D:7      | 5208 ||| READING scroll of teleportation.
  5209 | D:7      | 5209 ||| DRINKING potion of heal wounds.
  5719 | D:7      | 5719 ||| UPGRADING to +0 ring mail of cold resistance.
  5729 | D:7      | 5729 ||| DROPPING +0 ring mail.
  5730 | D:7      | 5730 ||| UPGRADING to amulet of faith.
  5740 | D:7      | 5740 ||| UPGRADING to ring of poison resistance.
  5741 | D:7      | 5741 ||| READING scroll labelled WEMIM VUYTHRO.
  5805 | D:8      | 5805 ||| INVOKING Heroism.
  5806 | D:8      | 5806 ||| Stepping ~*~*~tactically~*~*~ (outnumbered).
  5906 | D:8      | 5906 ||| INVOKING Heroism.
  5920 | D:8      | Reached *** piety under Okawaru
  5931 | D:8      | 5931 ||| INVOKING Heroism.
  5934 | D:8      | HP: 8/47 [wight/+0 spear (7)]
  5935 | D:8      | 5935 ||| READING scroll of teleportation.
  6178 | D:8      | Reached skill level 15 in Ranged Weapons
  6344 | D:8      | 6344 ||| INVOKING Heroism.
  6460 | D:8      | 6460 ||| INVOKING Heroism.
  6461 | D:8      | 6461 ||| Stepping ~*~*~tactically~*~*~ (outnumbered).
  6851 | D:8      | 6851 ||| UPGRADING to scarf of resistance.
  6896 | D:9      | 6896 ||| INVOKING Heroism.
  7120 | D:9      | Noticed a vault sentinel
  7120 | D:9      | Noticed a vault sentinel
  7123 | D:9      | 7123 ||| FLEEEEING.
  7124 | D:9      | 7124 ||| FLEEEEING.
  7125 | D:9      | 7125 ||| FLEEEEING.
  7126 | D:9      | 7126 ||| FLEEEEING.
  7127 | D:9      | 7127 ||| FLEEEEING.
  7128 | D:9      | 7128 ||| FLEEEEING.
  7130 | D:9      | 7130 ||| STAIRDANCE
  7332 | D:8      | 7332 ||| READING scroll labelled FAUPOT HIJEUF.
  7336 | D:9      | 7336 ||| STAIRDANCE
  7441 | D:9      | 7441 ||| STAIRDANCE
  7444 | D:8      | 7444 ||| INVOKING Heroism.
  7448 | D:8      | Killed a vault sentinel
  7449 | D:8      | Reached skill level 16 in Ranged Weapons
  7526 | D:9      | 7526 ||| STAIRDANCE
  7533 | D:8      | Killed a vault sentinel
  7534 | D:8      | Reached skill level 6 in Dodging
  7692 | D:9      | Reached XP level 10. HP: 56/56 MP: 15/15
  7925 | D:9      | Reached **** piety under Okawaru
  7926 | D:9      | 7926 ||| INVOKING Heroism.
  8002 | D:9      | Found a shimmering altar of Xom.
  8006 | D:9      | Found a glowing golden altar of the Shining One.
  8316 | D:9      | Found the +18 shield of the Gong {Loud rN+ Will+ rCorr
                  | EV-5}
  8515 | D:9      | Found a staircase to the Lair.
  8568 | D:9      | 8568 ||| PLANNING LAIR
  8605 | Lair:1   | Entered Level 1 of the Lair of Beasts
  8606 | Lair:1   | 8606 ||| INVOKING Heroism.
  8612 | Lair:1   | 8612 ||| STAIRDANCE
  8612 | Lair:1   | HP: 13/56 [water moccasin (3)]
  8614 | D:9      | 8614 ||| READING scroll of teleportation.
  8911 | Lair:1   | Noticed a cane toad
  8912 | Lair:1   | 8912 ||| INVOKING Heroism.
  8917 | Lair:1   | Killed a cane toad
  8945 | Lair:1   | 8945 ||| INVOKING Heroism.
  9021 | Lair:1   | Noticed a cane toad
  9022 | Lair:1   | 9022 ||| INVOKING Heroism.
  9033 | Lair:1   | HP: 10/59 [cane toad (11)]
  9034 | Lair:1   | Slain by a cane toad

Levels and vault maps discovered:
D:1:      evilmike_arrival_rings, layout_rooms, st_stairs_1
D:2:      layout_loops_corners, basic_altar,
          hellmonk_ecumenical_altar_arch_garden, minmay_fountain_box
D:3:      layout_loops_ring, gammafunk_ghost_abyssal_escape,
          chequers_mini_garden, kennysheep_generic_room_15, uniq_terence
D:4:      layout_basic, minmay_overflow_temple_hex, minmay_pentangle
D:5:      layout_basic, minmay_temple_entry_drinking_statues,
          minmay_shop_grid_forest
D:6:      layout_cave_pools
D:7:      layout_basic, grunt_decor_arrowhead
D:8:      layout_basic, minmay_crystal_water, kennysheep_cross_bottleneck
D:9:      layout_basic, grunt_temple_overflow_open, lair_entry_dummy,
          hellmonk_guarded_unrand_gong
Lair:1:   layout_hall_layers, chequers_serial_rivers_micro_a,
          lemuel_fruit_fields, serial_bayou_shore_a

Skill      XL: |  1  2  3  4  5  6  7  8  9 10 |
---------------+-------------------------------+-----
Ranged Weapons | 6 7 8 9 10 11 13 16 | 16.0
Fighting       | 2 3 4 5 |  5.0
Invocations    | 3 4 |  4.8
Dodging        | 3 4 6 7 |  7.6
Armour         | 1 2 |  2.1
Stealth        | |  1.2

Action                     |  1- 3 |  4- 6 |  7- 9 | 10-12 || total
---------------------------+-------+-------+-------+-------++-------
   Fire: Shortbow          |    75 |    79 |    52 |       ||   206
         Orcbow            |       |       |   280 |    63 ||   343
 Invoke: Heroism           |       |     2 |    14 |     5 ||    21
    Use: Scroll            |     3 |     9 |     8 |     1 ||    21
         Potion            |     1 |     3 |     1 |       ||     5
 Armour: Ring mail         |     2 |    11 |    32 |     6 ||    51
         Leather armour    |     1 |       |       |       ||     1
  Dodge: Dodged            |     7 |    29 |    68 |    30 ||   134
  Block: Other             |       |       |     8 |       ||     8
         Reflection        |       |       |     4 |       ||     4

Table legend:
 A = Non-vault XP
 B = Vault XP
 C = Vault XP percentage of total XP
 D = Non-vault monster count
 E = Vault monster count
 F = Vault count percentage of total count
                 A         B        C        D         E       F
            +---------+---------+-------+---------+---------+-------
      Total |    6743 |    1061 |  13.6 |     176 |      12 |   6.4
            +---------+---------+-------+---------+---------+-------
        D:1 |      18 |       4 |  18.2 |      11 |       2 |  15.4
        D:2 |      21 |       0 |   0.0 |      10 |       0 |   0.0
        D:3 |      18 |      36 |  66.7 |       9 |       1 |  10.0
        D:4 |     279 |     131 |  32.0 |      24 |       7 |  22.6
        D:5 |     784 |       0 |   0.0 |      30 |       0 |   0.0
        D:6 |     682 |       0 |   0.0 |      18 |       0 |   0.0
        D:7 |    1153 |       0 |   0.0 |      29 |       0 |   0.0
        D:8 |    1113 |     890 |  44.4 |      24 |       2 |   7.7
        D:9 |    1686 |       0 |   0.0 |      17 |       0 |   0.0
     Lair:1 |     989 |       0 |   0.0 |       4 |       0 |   0.0
            +---------+---------+-------+---------+---------+-------
